AoeStats
← [RZ] HardZeeiRa-BR

MegaRandom

507841912Analyzed
3v3 RM · 13d ago on Sep 19, 2026· 48m 56s· 6 players
Game mode
Random Map
Map size
Normal (6 player)
Population
200
Speed
Normal
Resources
Standard
Victory
Conquest
Starting age
Dark Age
Ending age
Imperial Age
RankedLock teamsTeams togetherTeam positionsShared explorationLock speedFull tech treeHidden civsTurbo modeCheats
Victory
Defeat
🇧🇷 Britons · Brazil
1231
+11
🇧🇷 Franks · Brazil
1172
+13
🇧🇷 Magyars · Brazil
1123
+16
🇺🇸 Mongols · United States
1129
-14
🇵🇪 Poles · Peru
1106
-13
🇵🇪 Huns · Peru
1102
-13
Sapolio
11:01 Feudal Age
10:59 Loom
19:42 Castle Age
20:07 Fletching
20:17 Padded Archer Armor
20:06 Double-Bit Axe
20:04 Horse Collar
25:51 Thumb Ring
26:08 Bodkin Arrow
27:08 Leather Archer Armor
29:12 Ballistics
31:16 Masonry
35:38 Forging
35:33 Scale Barding Armor
43:10 Town Watch
Camarada Artemio
3:01 Loom
11:21 Feudal Age
11:47 Double-Bit Axe
11:44 Horse Collar
12:49 Stone Mining
15:03 Wheelbarrow
22:14 Castle Age
20:35 Bloodlines
21:49 Scale Barding Armor
22:29 Gold Mining
23:21 Chain Barding Armor
TheKeeG_
5:09 Loom
8:50 Feudal Age
9:58 Double-Bit Axe
11:53 Forging
17:13 Wheelbarrow
21:43 Castle Age
20:39 Bloodlines
[RZ] rj.renan
7:08 Loom
9:29 Feudal Age
10:25 Double-Bit Axe
14:16 Fletching
23:59 Castle Age
22:16 Gold Mining
22:38 Padded Archer Armor
24:39 Bodkin Arrow
24:34 Crossbowman
25:49 Pikeman
34:12 Ballistics
37:13 Town Watch
38:04 Wheelbarrow
43:07 Imperial Age
42:01 Leather Archer Armor
43:10 Yeomen
48:09 Bracer
[RZ] HardZeeiRa-BR
6:22 Loom
9:06 Feudal Age
10:36 Double-Bit Axe
17:22 Wheelbarrow
19:59 Castle Age
18:59 Forging
19:47 Scale Barding Armor
23:59 Husbandry
25:49 Gold Mining
27:43 Chain Barding Armor
31:24 Iron Casting
40:37 Bow Saw
40:44 Hand Cart
40:31 Gold Mining
46:35 Imperial Age
46:45 Cavalier
47:32 Chivalry
49:26 Gold Shaft Mining
48:34 Paladin
rcordioli
4:29 Loom
11:39 Feudal Age
25:48 Castle Age
24:00 Fletching
25:34 Padded Archer Armor
25:38 Double-Bit Axe
26:05 Crossbowman
31:14 Leather Archer Armor
32:41 Thumb Ring
33:42 Ballistics
35:26 Bodkin Arrow
42:39 Imperial Age
42:43 Spies/Treason
44:24 Bracer
49:04 Sanctity
48:45 Devotion
48:48 Scale Mail Armor
49:19 Ring Archer Armor
49:53 Chemistry
49:04 Masonry
48:34 Treadmill Crane
49:33 Wheelbarrow
48:44 Town Watch
49:14 Bow Saw
49:09 Gold Mining
49:10 Stone Mining
Connection lost

Rejoining the realm…

Still unreachable

The connection could not be restored.

Session expired

The server has moved on; the page needs a fresh start.